Unix NetHack Version 5.0.0-0 post-release - last build May  4 2026 22:22:43 (774f63e81ad911689b3a0859ea89b322d5daca8d,branch:main).

Game began 2026-05-08 14:29:54, ended 2026-05-08 16:00:26.

BSL2425737, neutral female human Valkyrie

                                                  ----------
                                                  |......?.|
                                                  |@r......|#
                                                  |i......+|#
    --------                                      --.-------#
    |<.....|  # --------                            #       #
    |......|  ##|......-####   #----------          #       #
    |.......####|......|   ##  #|........|          #       #
    |......|   #-.(..{.|   #####.........-#        ##       #
    --------   #|.......####    |........|##       #        #
               #--.-----        ----------##` ###%###############
               #####                      ##       #       #----.-
                                           #       #       #|....|
                                           ####    #       #|*...|
                                              #  --.---    #|....|
                                              ###|....|    #.....|
                                                #-....|     |....|
                                                 |....|     |.._.|
                                                 ------     ------

BSL2425737 the Skirmisher   St:18/01 Dx:15 Co:16 In:8 Wi:11 Ch:8  Neutral
Dlvl:6  $:219 HP:0(33) Pw:7(7) AC:6  Xp:4 T:2983 

Latest messages:
 You hear water falling on coins.
 You kill the lichen!
 You hit the floating eye!
 You kill the floating eye!
 You see here a floating eye corpse.
 You see here a floating eye corpse.
 You see here a puce potion.
 s - a puce potion.
 You see here a plaid spellbook.
 You have a little trouble lifting a plaid spellbook.  Continue? [ynq] (q) n
 The kobold zombie hits!
 You miss the kobold zombie.
 The kobold zombie hits!
 You destroy the kobold zombie!
 There is an altar to Tyr (lawful) here.
 You see here 29 gold pieces.
 $ - 29 gold pieces (219 in total).
 You already found a monster.  Use 'm' prefix to force another search.
 You already found a monster.  Use 'm' prefix to force another search.
 You already found a monster.  Use 'm' prefix to force another search.
 You already found a monster.  Use 'm' prefix to force another search.
 You already found a monster.  Use 'm' prefix to force another search.
 You miss the homunculus.
 The homunculus bites!
 You hit the homunculus!
 The homunculus reads a scroll labeled GNIK SISI VLE!
 A rock mole suddenly appears next to you!
 You miss the homunculus.
 The homunculus bites!
 You miss the homunculus.
 The homunculus bites!
 You are put to sleep by the homunculus!
 The rock mole bites!
 The homunculus bites!
 The homunculus bites!
 The rock mole bites!
 The homunculus bites!
 The rock mole bites!
 The homunculus bites!
 The homunculus bites!
 The homunculus bites!
 The homunculus bites!
 The rock mole bites!
 The homunculus bites!
 You die...
 Do you want your possessions identified? [ynq] (y) y
 Do you want to see your attributes? [ynq] (y) n
 Do you want an account of creatures vanquished? [ynaq] (y) n
 Do you want to see your conduct and achievements? [ynq] (y) n
 Do you want to see the dungeon overview? [ynq] (y) y

Inventory:
 Coins    ('$')
  $ - 219 gold pieces
 Weapons  (')')
  l - 11 +0 crossbow bolts
  b - 2 +0 daggers (alternate weapons; not wielded)
  n - a +0 elven dagger
  a - a +1 spear (weapon in right hand)
  d - a cursed +0 quarterstaff
  q - a +0 partisan
 Armor    ('[')
  p - an uncursed +1 orcish helm
  w - an uncursed +0 pair of kicking boots
  c - an uncursed +3 small shield (being worn)
  i - a cursed -1 ring mail
  e - a cursed -1 studded leather armor
 Comestibles  ('%')
  m - an uncursed lichen corpse
 Scrolls  ('?')
  r - an uncursed scroll of teleportation
 Potions  ('!')
  f - an uncursed potion of gain energy
  o - an uncursed potion of restore ability
  s - an uncursed potion of see invisible
  g - an uncursed potion of water
 Rings    ('=')
  x - an uncursed ring of free action (on right hand)
 Wands    ('/')
  k - a wand of sleep (0:5)
 Tools    ('(')
  h - an uncursed leash
 Gems/Stones  ('*')
  j - an uncursed worthless piece of yellow glass

BSL2425737 the Valkyrie's attributes:

Background:
 You were a Skirmisher, a level 4 human Valkyrie.
 You were neutral, nominally on a mission for Odin
 who was opposed by Tyr (lawful) and Loki (chaotic).
 You were right-handed.
 You were in the Dungeons of Doom, on level 6.
 You entered the dungeon 2983 turns ago.
 You had 153 experience points, 7 more were needed to attain level 5.

Basics:
 You had 0 out of 33 hit points.
 You had all 7 energy points (spell power).
 Your armor class was 6.
 Your wallet contained 219 zorkmids.
 Autopickup was off.

Final Characteristics:
 Your strength was 18/01 (limit:18/100).
 Your dexterity was 15 (limit:18).
 Your constitution was 16 (limit:18).
 Your intelligence was 8 (limit:18).
 Your wisdom was 11 (limit:18).
 Your charisma was 8 (limit:18).

Final Status:
 You weren't hungry.
 You were unencumbered.
 You were wielding a spear.
 You had basic skill with spear.

Final Attributes:
 You were nominally aligned.
 You were cold resistant.
 You were stealthy.
 You had free action.
 You were unlucky.
 You are dead.

Miscellaneous:
 You didn't encounter any bones levels.
 Total elapsed playing time was 1 hour, 25 minutes and 15 seconds.

Major events:
 Turn
    1: BSL2425737 the neutral human Valkyrie entered the dungeon
 1022: attained the rank of Skirmisher (level 3)
 2983: killed by a homunculus, while sleeping

You didn't know any spells.

Skills:
 Fighting Skills
   bare handed combat [Unskilled]
   two weapon combat  [Unskilled]
   riding             [Unskilled]
 Weapon Skills
   dagger             [Basic]
   axe                [Unskilled]
   pick-axe           [Unskilled]
   short sword        [Unskilled]
   broadsword         [Unskilled]
   long sword         [Unskilled]
   two-handed sword   [Unskilled]
   saber              [Unskilled]
   hammer             [Unskilled]
   quarterstaff       [Unskilled]
   polearms           [Unskilled]
   spear              [Basic]
   trident            [Unskilled]
   lance              [Unskilled]
   sling              [Unskilled]
 Spellcasting Skills
   attack spells      [Unskilled]
   escape spells      [Unskilled]

Voluntary challenges:
 Character rerolling was not enabled.
 You were an atheist.
 You were illiterate.
 You never genocided any monsters.
 You never polymorphed an object.
 You never changed form.
 You used no wishes.
Achievement:
 You attained the rank of Skirmisher.

 The Dungeons of Doom: levels 1 to 6
    Level 1:
       Some fountains.
    Level 2:
    Level 3:
    Level 4:
       Some sinks.
    Level 5:
       A fountain.
    Level 6: <- You were here.
       An altar, a fountain.
       Final resting place for
          you, killed by a homunculus, while sleeping.


Vanquished creatures:
  2 rock moles
  a yellow light
  a giant ant
  a little dog
  2 floating eyes
  a homunculus
 an orc zombie
 an acid blob
  2 hobbits
  a green mold
  a red mold
  a gnome zombie
  3 geckos
  2 jackals
  3 foxes
  a goblin
  2 sewer rats
  6 grid bugs
  a bat
  3 lichens
  a kobold zombie
  4 newts
41 creatures vanquished.

No species were genocided or became extinct.

Game over:
                       ----------
                      /          \
                     /    REST    \
                    /      IN      \
                   /     PEACE      \
                  /                  \
                  |    BSL2425737    |
                  |      219 Au      |
                  |   killed by a    |
                  |    homunculus    |
                  |                  |
                  |                  |
                  |       2026       |
                 *|     *  *  *      | *
        _________)/\\_//(\/(/\)/\//\/|_)_______

Farvel BSL2425737 the Valkyrie...

You died in The Dungeons of Doom on dungeon level 6 with 1060 points,
and 219 pieces of gold, after 2983 moves.
You were level 4 with a maximum of 33 hit points when you died.

